 Dungeon Sprint DCSS version 0.28-a0-925-gd5e1996cdb (webtiles) character file.

Game seed: 6906609171872380418

56323 mhtbhm the Slayer (level 14, -8/171 HPs)
             Began as a Gargoyle Fighter on Nov 26, 2021.
             Was an Initiate of Gozag.
             Mangled by an Orb Guardian (14 damage)
             ... in the Dungeon (Sprint IX: "|||||||||||||||||||||||||||||").
             The game lasted 00:13:06 (7305 turns).

mhtbhm the Slayer (Gargoyle Fighter)                Turns: 7305, Time: 00:13:07

Health: -8/171     AC: 28    Str: 24    XL:     14   Next: 81%
Magic:  14/14      EV: 14    Int: 10    God:    Gozag
Gold:   9495       SH:  8    Dex: 15    Spells: 13/13 levels left

rFire   + . .      SeeInvis +   a - +2 morningstar (vorpal)
rCold   + . .      Faith    .   c - +0 buckler
rNeg    + + +      Spirit   .   b - +1 scale mail of the Quahog {rN++ Will++}
rPois   ∞          Reflect  .   w - +0 mask of the Dragon {Will+ Slay+3 SInv}
rElec   +          Harm     .   v - +0 cloak
rCorr   +          Rampage  .   u - +0 pair of gloves
Will    ++++.      NoTele   +   E - +1 pair of boots
Stlth   ..........              (no amulet)
HPRegen 0.38/turn               n - +3 ring of dexterity
MPRegen 0.14/turn               o - +3 ring of dexterity

@: mighty, berserking (expiring), resistant, gold aura, flying, hasted, very
quick
A: sickness immunity, AC +10, big wings, negative energy resistance 1,
electricity resistance, torment resistance 1, petrification resistance
a: Renounce Religion, Potion Petition, Call Merchant, Bribe Branch


You were in the Dungeon.
You worshipped Gozag.
Gozag was greatly pleased with you.
You visited 1 branch You collected 17351 gold pieces.
You spent 1549 gold pieces at shops.
You paid 6307 gold pieces to Gozag.

Inventory:

Hand Weapons
 a - a +2 vorpal morningstar (weapon)
Missiles
 f - 2 silver javelins
 z - 2 curare-tipped darts (quivered)
Armour
 b - the +1 scale mail of the Quahog (worn) {rN++ Will++}
   (You bought it in a shop in the Dungeon)

   rN:        It greatly protects you from negative energy.
   Will:      It greatly increases your willpower.
 c - a +0 buckler (worn)
 i - the +2 hat of the Bear Spirit {Spirit, *Rage Will++}
   (You bought it in a shop in the Dungeon)

   Going berserk makes the wearer tougher, and they're slowed less afterward.
   *Rage:     It berserks you when you make melee attacks (+20% chance).
   Will:      It greatly increases your willpower.
 m - the +10 tower shield of Ignorance {rN+ Int-4}
   (You found it in the Dungeon)

   Int:       It affects your intelligence (-4).
   rN:        It protects you from negative energy.
 u - a +0 pair of gloves (worn)
 v - a +0 cloak (worn)
 w - the +0 mask of the Dragon (worn) {Will+ Slay+3 SInv}
   (You bought it in a shop in the Dungeon)

   Slay:      It affects your accuracy & damage with ranged weapons and melee
   (+3).
   SInv:      It lets you see invisible.
   Will:      It increases your willpower.
 E - a +1 pair of boots (worn)
Jewellery
 n - a +3 ring of dexterity (left hand)
 o - a +3 ring of dexterity (right hand)
 A - a ring of fire
 B - a ring of fire
 C - a ring of ice
Wands
 l - a wand of iceblast (7)
 t - a wand of polymorph (10)
 y - a wand of charming (1)
Scrolls
 j - 2 scrolls of blinking
 k - 2 scrolls of amnesia
 p - 4 scrolls of enchant weapon
 q - 2 scrolls of fear
 r - 3 scrolls of enchant armour
 s - a scroll of identify
 x - a scroll of torment
Potions
 d - a potion of might
 e - 3 potions of curing
 g - 3 potions of berserk rage
 h - 4 potions of magic
 F - a potion of resistance
 G - a potion of mutation


   Skills:
 + Level 23.6 Fighting
 + Level 23.0 Maces & Flails
 + Level 17.9 Armour
 + Level 7.2 Dodging
 + Level 14.0 Stealth
 + Level 16.9 Shields
 + Level 3.3 Evocations


You had 13 spell levels left.
You didn't know any spells.
Your spell library was empty.

Dungeon Overview and Level Annotations

Branches:
Dungeon (1/1)

Altars:
Cheibriados
Dithmenos
Elyvilon
Fedhas
Gozag
Hepliaklqana
Kikubaaqudgha
Makhleb
Nemelex Xobeh
Okawaru
Qazlal
Ru
Sif Muna
Trog
Uskayaw
Vehumet
Wu Jian
Xom
Yredelemnul
Zin
The Shining One
Beogh
Jiyva
Lugonu

Shops:
D [([?[:


Innate Abilities, Weirdness & Mutations

You are immune to sickness and miasma.
Your stone body is resilient. (AC +10)
You are immune to poison.
Your large and strong wings let you fly.
You resist negative energy. (rN+)
You are resistant to electric shocks. (rElec)
You are resistant to unholy torment.
You are immune to petrification.


Message History

The mummy priest is moderately damaged.
Unknown command.
You sock the mummy priest!
The mummy priest is moderately damaged.
The mummy priest barely misses you.
Unknown command.
You sock the mummy priest!
The mummy priest is heavily damaged.
The ironbound convoker is distracted by your dazzling golden aura.
Unknown command.
The ironbound convoker shouts!
You sock the mummy priest!
The mummy priest is heavily damaged.
The mummy priest barely misses you.
Unknown command.
You beat the mummy priest like a drum!!!
The mummy priest is almost destroyed.
You kill the ironbound preserver!
You impale the mummy priest!!
You destroy the mummy priest!
The bat zombie disappears in a puff of smoke!
You feel extremely nervous for a moment...
You feel a surge of unholy energy.
The Orb Guardian is distracted by your dazzling golden aura.
Your Maces & Flails skill increases to level 23!
The ironbound convoker is no longer distracted by gold.
You see here 36 gold pieces.
You catch the helpless Orb Guardian completely off-guard!
You puncture the Orb Guardian!
The Orb Guardian is no longer distracted by gold.
The Orb Guardian is moderately wounded.
You block the Orb Guardian's attack.
You completely miss the Orb Guardian.
The Orb Guardian is moderately wounded.
The ironbound convoker hits you but does no damage.
You pound the Orb Guardian like an anvil!!!
The Orb Guardian is severely wounded.
The Orb Guardian hits you!
You die...
Your body crumbles into a pile of gold.

▓▓▓▓▓▓▓▓▓▓▓▓▓▓▓▓▓▓
▓)..▓...▓...▓...▓.
▓.▓.▓.▓.▓.▓.▓.▓.▓.
▓X▓.▓.▓.▓.▓.▓.▓.▓.
▓@▓.▓.▓.▓.▓.▓.▓.▓.
▓p▓.▓.▓.▓.▓.▓(▓.▓.
▓q▓.▓.▓.▓)▓.▓.▓.▓.
▓k▓.▓.▓.▓)▓.▓.▓.▓.
▓$▓.▓.▓.▓.▓.▓.▓.▓'
▓.▓.▓.▓.▓.▓.▓.▓.▓.
▓.▓.▓.▓.▓'▓.▓.▓.▓.
▓[▓.▓.▓.▓.▓.▓.▓.▓.
▓.▓.▓.▓.▓.▓.▓.▓.▓.


You could see a white draconian stormcaller (strong), an Orb Guardian, a death
drake (summoned) and an ironbound convoker.

Vanquished Creatures
  Saint Roka (D)
  An Orb Guardian (D)
  Gastronok (D)
  A fire giant (D)
  A frost giant (D)
  Aizul (D)
  A vault warden (D)
  An emperor scorpion (D)
  6 very ugly things (D)
  2 ironbound preservers (D)
  2 vampire knights (D)
  A stone giant (D)
  An entropy weaver (D)
  A dire elephant (D)
  Azrael (D)
  A mummy priest (D)
  A merfolk javelineer (D)
  A great orb of eyes (D)
  A rakshasa (D)
  2 boulder beetles (D)
  A hydra (D)
  A naga warrior (D)
  A spriggan air mage (D)
  A centaur warrior (D)
  2 alligators (D)
  4 deep troll earth magi (D)
  A two-headed ogre (D)
  2 deep troll shamans (D)
  A vampire mage (D)
  2 shock serpents (D)
  Sonja (D)
  A spriggan (D)
  2 hell knights (D)
  4 swamp dragons (D)
  A salamander mystic (D)
  3 spriggan druids (D)
  A wizard (D)
  A harpy (D)
  A deep elf pyromancer (D)
  A mana viper (D)
  An orc knight (D)
  2 ugly things (D)
  5 orc sorcerers (D)
  A cyclops (D)
  2 manticores (D)
  2 moths of wrath (D)
  2 merfolk sirens (D)
  An elephant (D)
  3 black mambas (D)
  A gargoyle (D)
  A cane toad (D)
  A kobold demonologist (D)
  4 komodo dragons (D)
  2 demonic crawlers (D)
  An efreet (D)
  A jumping spider (D)
  2 hornets (D)
  A wind drake (D)
  4 polar bears (D)
  2 merfolk (D)
  A slime creature (D)
  2 redbacks (D)
  4 yaks (D)
  2 fire elementals (D)
  A shadow (D)
  A hog (D)
  A basilisk (D)
  2 vampire mosquitoes (D)
  2 nagas (D)
  4 water moccasins (D)
  A water moccasin (shapeshifter) (D)
  2 hell hounds (D)
  13 orc warriors (D)
  5 black bears (D)
  A wolf (D)
  A centaur (D)
  2 bullfrogs (D)
  A scorpion (D)
  A jelly (D)
  An iguana (D)
  5 orc priests (D)
  12 orc wizards (D)
  An adder zombie (D)
  11 orcs (D)
  An endoplasm (D)
  A giant cockroach (D)
  A goblin (D)
  A quokka (D)
  A kobold (D)
181 creatures vanquished.

Vanquished Creatures (others)
  A sphinx (D)
  An ugly thing (D)
2 creatures vanquished.

Grand Total: 183 creatures vanquished

Notes
Turn   | Place    | Note
-------+----------+-------------------------------------------
     0 | D        | mhtbhm the Gargoyle Fighter began the quest for the Orb.
     0 | D        | Reached XP level 1. HP: 14/14 MP: 1/1
    79 | D        | Noticed a jelly
    79 | D        | Noticed a scorpion
    79 | D        | Noticed an iguana
    82 | D        | Reached XP level 2. HP: 20/20 MP: 2/2
    84 | D        | Reached skill level 5 in Fighting
    84 | D        | Reached skill level 5 in Armour
    84 | D        | Reached skill level 5 in Shields
    84 | D        | Reached XP level 3. HP: 26/26 MP: 3/3
    89 | D        | Killed a scorpion
    90 | D        | Reached XP level 4. HP: 32/32 MP: 4/4
    98 | D        | Reached XP level 5. HP: 29/37 MP: 5/5
   104 | D        | Found a snail-covered altar of Cheibriados.
   104 | D        | Found a shadowy altar of Dithmenos.
   104 | D        | Found a white marble altar of Elyvilon.
   104 | D        | Found a blossoming altar of Fedhas.
   104 | D        | Found an opulent altar of Gozag.
   105 | D        | Found a hazy altar of Hepliaklqana.
   106 | D        | Found a viscous altar of Jiyva.
   107 | D        | Found an ancient bone altar of Kikubaaqudgha.
   108 | D        | Found a corrupted altar of Lugonu.
   109 | D        | Found a burning altar of Makhleb.
   110 | D        | Found a sparkling altar of Nemelex Xobeh.
   111 | D        | Found an iron altar of Okawaru.
   112 | D        | Became a worshipper of Gozag Ym Sagoz the Greedy
   113 | D        | Found a stormy altar of Qazlal.
   114 | D        | Found a sacrificial altar of Ru.
   115 | D        | Found a shimmering blue altar of Sif Muna.
   116 | D        | Found a bloodstained altar of Trog.
   117 | D        | Found a hide-covered altar of Uskayaw.
   118 | D        | Found a radiant altar of Vehumet.
   119 | D        | Found an ornate altar of the Wu Jian Council.
   120 | D        | Found a shimmering altar of Xom.
   121 | D        | Found a basalt altar of Yredelemnul.
   122 | D        | Found a glowing silver altar of Zin.
   123 | D        | Found a glowing golden altar of the Shining One.
   229 | D        | Noticed a yak
   229 | D        | Noticed a shadow
   229 | D        | Noticed a yak
   229 | D        | Noticed a kobold demonologist
   236 | D        | Noticed an orange demon
   238 | D        | Killed a yak
   239 | D        | Reached XP level 6. HP: 18/44 MP: 6/6
   241 | D        | Killed a shadow
   246 | D        | Killed a yak
   247 | D        | Reached XP level 7. HP: 45/50 MP: 7/7
   250 | D        | Reached skill level 1 in Stealth
   252 | D        | Noticed a smoke demon
   256 | D        | Killed a kobold demonologist
   257 | D        | Reached skill level 1 in Dodging
   265 | D        | Noticed a slime creature
   265 | D        | Noticed a vampire mosquito
   265 | D        | Noticed a gargoyle
   265 | D        | Noticed a two-headed ogre
   265 | D        | Noticed a cyclops
   271 | D        | Killed a slime creature
   272 | D        | Reached skill level 10 in Maces & Flails
   272 | D        | Reached XP level 8. HP: 48/56 MP: 8/8
   281 | D        | Killed a gargoyle
   282 | D        | Reached skill level 10 in Fighting
   282 | D        | Reached skill level 10 in Armour
   294 | D        | Killed a two-headed ogre
   295 | D        | Reached skill level 10 in Shields
   295 | D        | Reached XP level 9. HP: 27/63 MP: 9/9
   300 | D        | HP: 3/63 [cyclops (25)]
   301 | D        | Killed a cyclops
   302 | D        | Reached skill level 1 in Evocations
   715 | D        | Noticed a komodo dragon
   715 | D        | Noticed a komodo dragon
   734 | D        | Killed a komodo dragon
   746 | D        | Killed a komodo dragon
   747 | D        | Reached skill level 5 in Stealth
   747 | D        | Reached XP level 10. HP: 45/70 MP: 10/10
   909 | D        | Noticed a cane toad
   909 | D        | Noticed an elephant
   919 | D        | Reached skill level 15 in Maces & Flails
   919 | D        | Noticed a black mamba
   929 | D        | Killed a cane toad
   940 | D        | Killed an elephant
   956 | D        | Killed a black mamba
  1083 | D        | Reached XP level 11. HP: 51/78 MP: 11/11
  1527 | D        | Noticed an orc knight
  1547 | D        | Killed an orc knight
  1684 | D        | Found Vofov's Armour Emporium.
  1684 | D        | Noticed an orc sorcerer
  1689 | D        | Noticed an orc sorcerer
  1694 | D        | Found Tihoimow's Magic Scroll Shoppe.
  1705 | D        | Killed an orc sorcerer
  1708 | D        | Killed an orc sorcerer
  1709 | D        | Found Kaerayty's Armour Emporium.
  1713 | D        | Found Aneply's Book Shoppe.
  1726 | D        | Noticed an orc sorcerer
  1728 | D        | Noticed an orc sorcerer
  1729 | D        | Noticed an orc sorcerer
  1730 | D        | Killed an orc sorcerer
  1734 | D        | Killed an orc sorcerer
  1739 | D        | Killed an orc sorcerer
  1807 | D        | Bought the +2 hat of the Bear Spirit {Spirit, *Rage Will++}
                  | for 351 gold pieces
  1807 | D        | Found the +2 hat of the Bear Spirit {Spirit, *Rage Will++}
  1809 | D        | Bought a scroll of fog for 28 gold pieces
  1809 | D        | Bought a scroll of enchant armour for 105 gold pieces
  1809 | D        | Bought a scroll of torment for 105 gold pieces
  1954 | D        | Noticed Gastronok
  1973 | D        | Killed Gastronok
  1974 | D        | Reached skill level 15 in Fighting
  1974 | D        | Reached skill level 10 in Stealth
  2117 | D        | Noticed Sonja
  2123 | D        | Killed Sonja
  2227 | D        | Found the +10 tower shield of Ignorance {rN+ Int-4}
  2292 | D        | Bought a glowing morningstar for 112 gold pieces
  2300 | D        | Noticed a green ugly thing
  2300 | D        | Noticed a deep elf pyromancer
  2300 | D        | Noticed a boulder beetle
  2300 | D        | Noticed a manticore
  2300 | D        | Noticed a white ugly thing
  2306 | D        | Killed a deep elf pyromancer
  2308 | D        | Killed a green ugly thing
  2313 | D        | Noticed a cyan very ugly thing
  2316 | D        | Noticed a cyan ugly thing
  2319 | D        | Noticed a purple very ugly thing
  2319 | D        | Killed a boulder beetle
  2320 | D        | Reached XP level 12. HP: 88/88 MP: 10/12
  2323 | D        | Noticed a deep troll earth mage
  2327 | D        | Noticed a deep troll earth mage
  2333 | D        | Noticed a deep troll shaman
  2339 | D        | Killed a cyan very ugly thing
  2344 | D        | Noticed a stone giant
  2347 | D        | Noticed a white very ugly thing
  2358 | D        | Killed a purple very ugly thing
  2364 | D        | Killed a deep troll earth mage
  2381 | D        | Killed a deep troll earth mage
  2545 | D        | Killed a deep troll shaman
  2553 | D        | Killed a stone giant
  2902 | D        | Killed a white very ugly thing
  3037 | D        | Noticed Saint Roka
  3395 | D        | Killed Saint Roka
  3399 | D        | Reached skill level 15 in Armour
  3592 | D        | Noticed a shock serpent
  3592 | D        | Noticed a shock serpent
  3592 | D        | Noticed a naga warrior
  3601 | D        | Killed a shock serpent
  3604 | D        | Killed a shock serpent
  3607 | D        | Reached XP level 13. HP: 97/97 MP: 0/13
  3612 | D        | Killed a naga warrior
  3716 | D        | Noticed a merfolk javelineer
  3754 | D        | Killed a merfolk javelineer
  4067 | D        | Bought the +0 mask of the Dragon {Will+ Slay+3 SInv} for
                  | 668 gold pieces
  4067 | D        | Found the +0 mask of the Dragon {Will+ Slay+3 SInv}
  4073 | D        | Bought a pitted scale mail for 180 gold pieces
  4073 | D        | Identified the +1 scale mail of the Quahog {rN++ Will++}
                  | (You bought it in a shop in the Dungeon)
  4752 | D        | Noticed an emperor scorpion
  4755 | D        | Killed an emperor scorpion
  4859 | D        | Reached skill level 15 in Shields
  4860 | D        | Noticed Aizul
  4866 | D        | Reached skill level 5 in Dodging
  4884 | D        | Killed Aizul
  5235 | D        | Noticed Azrael
  5290 | D        | Killed Azrael
  5291 | D        | Gained mutation: Your large and strong wings let you fly.
                  | [Gargoyle growth]
  5291 | D        | Reached XP level 14. HP: 61/110 MP: 14/14
  5530 | D        | Noticed a green very ugly thing
  5530 | D        | Noticed a white very ugly thing
  5530 | D        | Noticed a white very ugly thing
  5531 | D        | Noticed a vampire knight
  5542 | D        | Killed a green very ugly thing
  5543 | D        | Noticed a vampire knight
  5552 | D        | HP: 4/110 [vampire knight (8)]
  6002 | D        | Killed a vampire knight
  6186 | D        | Killed a vampire knight
  6262 | D        | Killed a cyan very ugly thing
  6270 | D        | Killed a cyan very ugly thing
  6512 | D        | Noticed a fire giant
  6514 | D        | Noticed a sphinx
  6516 | D        | Noticed a frost giant
  6520 | D        | Killed a fire giant
  6532 | D        | Killed a sphinx
  6543 | D        | Killed a frost giant
  6842 | D        | Noticed a dire elephant
  6842 | D        | Noticed a vault warden
  6842 | D        | Noticed an ironbound preserver
  6842 | D        | Noticed an entropy weaver
  6852 | D        | Killed a dire elephant
  6868 | D        | Killed a vault warden
  7212 | D        | Killed an ironbound preserver
  7233 | D        | Killed an entropy weaver
  7286 | D        | Noticed an Orb Guardian
  7286 | D        | Noticed a white draconian stormcaller
  7286 | D        | Noticed an ironbound preserver
  7286 | D        | Noticed an Orb Guardian
  7294 | D        | HP: 4/171 [mummy priest (15)]
  7295 | D        | Killed an Orb Guardian
  7300 | D        | Killed an ironbound preserver
  7305 | D        | Mangled by an Orb Guardian

Illustrated notes

Levels and vault maps discovered:
D:        linesprint [early_d, line_temple, items_1, d_10, items_2, lair_1,
          lair_end, items_3, orc_1, orc_end, items_4, d_15, swamp_1, shoals_1,
          snake_1, spider_1, d_20, vaults_1, items_5, swamp_end, shoals_end,
          snake_end, spider_end, vaults_end, d_27, items_6, zot_1, zot_end,
          crypt_end, forest_end, elf_end, slime_end, tomb_end, abyss_end,
          pan_hell_end]

Skill      XL: |  1  2  3  4  5  6  7  8  9 10 11 12 13 14 |
---------------+-------------------------------------------+-----
Fighting       | 4 5 6 7 8 9 10 11 13 15 18 21 23 | 23.6
Shields        | 4 5 6 7 8 9 10 11 12 13 15 16 | 16.9
Armour         | 4 5 6 7 9 10 11 12 13 15 16 17 | 17.9
Maces & Flails | 4 6 8 10 12 14 16 18 19 21 23 | 23.0
Stealth        | 2 4 5 6 11 12 13 14 | 14.0
Dodging        | 1 2 3 5 7 |  7.2
Evocations     | 1 2 3 |  3.3

Action                   |  1- 3 |  4- 6 |  7- 9 | 10-12 | 13-15 || total
-------------------------+-------+-------+-------+-------+-------++-------
Melee: Flail             |    22 |     8 |       |       |       ||    30
       Morningstar       |       |    12 |    65 |   391 |   370 ||   838
Invok: Potion Petition   |       |       |       |     3 |     9 ||    12
       Call Merchant     |       |       |       |     1 |     1 ||     2
Evoke: Wand              |       |       |     3 |     4 |       ||     7
  Use: Potion            |     1 |     3 |     2 |     6 |     3 ||    15
       Scroll            |       |       |       |     2 |     2 ||     4
 Stab: Invisible         |       |     1 |     1 |     8 |       ||    10
       Distracted        |       |       |       |     5 |     3 ||     8
       Sleeping          |       |       |       |       |     2 ||     2
Armor: Scale mail        |     7 |     3 |       |       |   136 ||   146
       Chain mail        |       |     3 |    23 |   100 |       ||   126
       Plate armour      |       |       |       |    50 |    27 ||    77
Dodge: Dodged            |     5 |     4 |     5 |    75 |    99 ||   188
Block: Buckler           |     6 |     5 |    19 |    67 |    84 ||   181

Table legend: (Time is in decaauts)
 A = Elapsed time spent in this place.
 B = Non-inter-level travel time spent in this place.
 C = Inter-level travel time spent in this place.
 D = Time resting spent in this place.
 E = Time spent auto-exploring this place.
 F = Levels seen in this place.
 G = Mean time per level.
                   A        B        C        D        E       F      G
               +--------+--------+--------+--------+--------+-----+--------+
         Total |   7122 |   7122 |      0 |   3400 |   1222 |   1 | 7122.0 |
       Dungeon |   7122 |   7122 |      0 |   3400 |   1222 |   1 | 7122.0 |
               +--------+--------+--------+--------+--------+-----+--------+

Top non-repeatable levels by time:
       D: 7122 daAuts
